 Dungeon Crawl Stone Soup version 0.29-a0-360-g8ed1089bbe (webtiles) character file.

Game seed: 11784618293306624780

2 spaghetti the Skirmisher (level 1, 7/19 HPs)
             Began as a Barachi Berserker on Apr 28, 2022.
             Was a Follower of Trog.
             Quit the game on level 1 of the Dungeon.
             The game lasted 00:00:41 (68 turns).

spaghetti the Skirmisher (Barachi Berserker)          Turns: 68, Time: 00:00:42

Health: 7/19       AC:  2    Str: 18    XL:     1   Next: 30%
Magic:  1/1        EV:  9    Int:  7    God:    Trog [*.....]
Gold:   46         SH:  0    Dex: 11    Spells: 0/0 levels left

rFire   . . .      SeeInvis .   a - +0 mace {mace}
rCold   . . .      Faith    .   (no shield)
rNeg    . . .      Spirit   .   b - +0 animal skin
rPois   .          Reflect  .   (no helmet)
rElec   .          Harm     .   (no cloak)
rCorr   .          Rampage  .   (no gloves)
Will    .....                   (no boots)
Stlth   +.........              (no amulet)
HPRegen 0.06/turn               (no ring)
MPRegen 0.07/turn               (no ring)

@: constricted, slow
A: amphibious, slowness 1, strong legs 1, +LOS
a: Hop, Renounce Religion, Berserk


You were on level 1 of the Dungeon.
You worshipped Trog.
Trog was aware of your devotion.
You visited 1 branch of the dungeon, and saw 1 of its levels.

You collected 46 gold pieces.


Innate Abilities, Weirdness & Mutations

You are amphibious.
You cover ground slowly.
You can hop short distances.
You have an extended range of vision and can be seen from far away.


   Skills:
 + Level 3.6 Fighting
 - Level 3.2 Maces & Flails
 + Level 2.5 Armour
 + Level 2.2 Dodging


You couldn't memorise any spells.
You didn't know any spells.
Your spell library was empty.

Inventory:

Hand Weapons
 a - a +0 mace (weapon) {mace}
Armour
 b - a +0 animal skin (worn)
Scrolls
 c - a scroll of identify {unknown}
 d - a scroll of teleportation {unknown}

Dungeon Overview and Level Annotations

Branches:
Dungeon (1/15)

Altars:

..ā™£............ .#
.Pā™£.#.......### .# .
.............# .# .#
...##......#.#####.###..#
ā™£..##..#.###..#.........#
#.##.....................
...........#..#.........#
#............##.ā€ S......#
#.#.........###.@...?...#
[.#........###...B......#
.##.....................#
............###.........#
###.........# #.........#
#............#######....
...##########.# .... .## ..
..) . ..


You could see a giant cockroach and a ball python.


Message History

Key pressed, stopping explore.
c - a scroll labelled PUNIMO NIFF A rat comes into view.
A rat is nearby!
You barely miss the rat. The rat closely misses you. x2
You hit the rat.
You kill the rat!
Trog accepts your kill.
No target in view!
No target in view!
No target in view!
No target in view!
No target in view!
No target in view!
No target in view!
No target in view!
No target in view!
No target in view!
No target in view!
No target in view!
You now have 16 gold pieces (gained 8).
A rat comes into view.
You see here 11 gold pieces.
A rat is nearby!
A rat is nearby!
A rat is nearby!
You see here a +0 pair of boots.
The rat misses you.
You hit the rat.
You kill the rat!
Trog accepts your kill. šŸ˜Ž HP[+1]
You now have 19 max hp (+1).
Your hp is fully restored (19).
No target in view!
No target in view!
No target in view!
No target in view!
No target in view!
No target in view!
No target in view!
No target in view!
No target in view!
No target in view!
No target in view!
No target in view!
No target in view!
No target in view!
You now have 23 gold pieces (gained 7).
You see here a +0 pair of boots.
You now have 34 gold pieces (gained 11).
You now have 46 gold pieces (gained 12).
d - a scroll labelled CEXAEXTOAL A ball python comes into view.
The ball python hisses angrily.
A ball python is nearby!
A rat comes into view.
A giant cockroach comes into view.
The ball python bites you but does no damage.
The ball python grabs you. The ball python constricts you.
The ball python bites you.
The ball python constricts you. šŸ˜• HP[-2]
You take 2 damage, and now have 17/19 hp.
You barely miss the ball python.
The ball python bites you but does no damage.
The ball python constricts you.
You closely miss the ball python. The ball python closely misses you.
The ball python constricts you. The ball python bites you.
The ball python constricts you. šŸ˜• HP[-1]
You take 1 damage, and now have 16/19 hp.
You hit the ball python. The ball python bites you.
The ball python constricts you. The rat bites you. šŸ˜® HP[-4]
You take 4 damage, and now have 12/19 hp.
MASSIVE DAMAGE!! (PAUSE) Unknown command. šŸ¤– Initializing magus.rc ...
Options error: Delay interrupt name "hungry" not recognised. (~/.crawlrc:4761) Options error: Bad monster_list_colour key: strict_neutral (~/.crawlrc:4776) Bad channel name for runrest: 'pray:' āœ… Successfully initialized magus.rc [v1.9.6] Welcome back, spaghetti the Barachi Berserker.
Trog says: Kill them all!
Press ? for a list of commands and other information.
You are too injured to fight recklessly!
You thump the rat!
You kill the rat!
Trog accepts your kill.
The ball python bites you but does no damage.
The ball python constricts you. The ball python bites you.
* * * LOW HITPOINT WARNING * * *
The ball python constricts you.
* * * LOW HITPOINT WARNING * * *
šŸ˜Ø HP[-5]
You take 5 damage, and now have 7/19 hp.
MASSIVE DAMAGE!! (PAUSE) Are you sure you want to abandon this character and quit the game? (Confirm with "yes".)
Okay, then.
Are you sure you want to abandon this character and quit the game? (Confirm with "yes".)

Action                   || total
-------------------------++-------
Melee: Mace              ||     7
Armor: Animal skin       ||     3
Dodge: Dodged            ||     4

Levels and vault maps discovered:
D:1:      denvon_arrival_planthouse, layout_rooms

Notes
Turn   | Place    | Note
-------+----------+-------------------------------------------
     0 | D:1      | spaghetti the Barachi Berserker began the quest for the
                  | Orb.
     0 | D:1      | Reached XP level 1. HP: 18/18 MP: 1/1
     0 | D:1      | magus.rc [v1.9.6]
    67 | D:1      | magus.rc [v1.9.6]
    68 | D:1      | Quit the game

Vanquished Creatures
  3 rats (D:1)
3 creatures vanquished.

Table legend:
 A = Non-vault XP
 B = Vault XP
 C = Vault XP percentage of total XP
 D = Non-vault monster count
 E = Vault monster count
 F = Vault count percentage of total count
                 A         B        C        D         E       F
            +---------+---------+-------+---------+---------+-------
      Total |       3 |       0 |   0.0 |       3 |       0 |   0.0
            +---------+---------+-------+---------+---------+-------
        D:1 |       3 |       0 |   0.0 |       3 |       0 |   0.0
            +---------+---------+-------+---------+---------+-------

Illustrated notes

Table legend:
 A = Kills in this place as a percentage of kills in entire the game.
 B = Kills by you in this place as a percentage of kills by you in the entire game.
 C = Kills by friends in this place as a percentage of kills by friends in the entire game.
 D = Other kills in this place as a percentage of other kills in the entire game.
 E = Experience gained in this place as a percentage of experience gained in the entire game.
 F = Experience gained in this place divided by the number of levels of this place that you have seen.
                   A       B       C       D       E      F
               +-------+-------+-------+-------+-------+----------------------
         Total | 100.0 | 100.0 |   N/A |   N/A | 100.0 |   3.0
       Dungeon | 100.0 | 100.0 |   N/A |   N/A | 100.0 |   3.0
               +-------+-------+-------+-------+-------+----------------------

Table legend: (Time is in decaauts)
 A = Elapsed time spent in this place.
 B = Non-inter-level travel time spent in this place.
 C = Inter-level travel time spent in this place.
 D = Time resting spent in this place.
 E = Time spent auto-exploring this place.
 F = Levels seen in this place.
 G = Mean time per level.
                   A        B        C        D        E       F      G
               +--------+--------+--------+--------+--------+-----+--------+
         Total |     80 |     80 |      0 |      0 |     56 |   1 |   80.0 |
       Dungeon |     80 |     80 |      0 |      0 |     56 |   1 |   80.0 |
               +--------+--------+--------+--------+--------+-----+--------+

Top non-repeatable levels by time:
     D:1: 80 daAuts
